 Dungeon Crawl Stone Soup version 0.24-a0-361-g57161393b2 (webtiles) character file.

Game seed: 17250345712014023868

906 mhoghedin the Ruffian (level 7, -1/63 HPs)
             Began as a Troll Chaos Knight on May 26, 2019.
             Was a Plaything of Xom.
             Killed from afar by Pikel (20 damage)
             ... with a bolt of acid
             ... on level 4 of the Dungeon.
             The game lasted 00:05:03 (2334 turns).

mhoghedin the Ruffian (Troll Chaos Knight)          Turns: 2334, Time: 00:05:04

Health: -1/63      AC:  5    Str: 20    XL:     7   Next: 81%
Magic:  6/6        EV: 11    Int:  8    God:    Xom [....*.]
Gold:   131        SH:  0    Dex:  7    Spells: 6/6 levels left

rFire    . . .     SeeInvis +   h - +9 mace of the Seven Yaks {venom, +Rage rN++ Str+2 Dex-3}
rCold    . . .     Gourm    +   (no shield)
rNeg     + + .     Faith    .   a - +2 robe
rPois    +         Spirit   .   (helmet restricted)
rElec    .         Reflect  .   u - +0 cloak
rCorr    .         Harm     .   (gloves unavailable)
MR       .....                  (boots unavailable)
Stlth    +.........             (no amulet)
HPRegen  0.60/turn              d - ring of poison resistance {rPois, !d}
MPRegen  0.10/turn              g - ring of see invisible {sInv, !d}

@: corroded
A: large, unfitting armour, claws 3, fast metabolism 3, frail 1, gourmand,
regeneration 1, shaggy fur 1, tough skin 3, weak 2
a: Renounce Religion, Evoke Berserk Rage


You were on level 4 of the Dungeon.
You worshipped Xom.
You were a beloved toy of Xom.
You were completely stuffed.

You visited 1 branch of the dungeon, and saw 4 of its levels.

You collected 131 gold pieces.

Inventory:

Hand Weapons
 h - the +9 mace of the Seven Yaks (weapon) {venom, +Rage rN++ Str+2 Dex-3}
   (You found it on level 4 of the Dungeon)

   It poisons the flesh of those it strikes.
   It affects your strength (+2).
   It affects your dexterity (-3).
   It greatly protects you from negative energy.
   It lets you go berserk.
Armour
 a - a +2 robe (worn)
 u - a +0 cloak (worn)
   (You took it off Crazy Yiuf on level 3 of the Dungeon)
Jewellery
 d - a ring of poison resistance (left claw) {rPois, !d}
   (You found it on level 1 of the Dungeon)
 g - a ring of see invisible (right claw) {sInv, !d}
   (You found it on level 1 of the Dungeon)
 v - an uncursed ring of wizardry {unknown}
   (You found it on level 4 of the Dungeon)
Scrolls
 e - a scroll of magic mapping {unknown}
 f - 4 scrolls of teleportation {unknown}
 j - 4 scrolls of identify
 l - 3 scrolls of remove curse {unknown}
 o - a scroll of enchant armour {unknown}
 r - a scroll of fear {unknown}
 s - a scroll of amnesia {unknown}
Potions
 c - 2 potions of haste {unknown}
 i - 3 potions of curing
 k - 2 potions of lignification {unknown}
 n - a potion of degeneration {unknown}
 p - a potion of agility {unknown}
 q - a potion of cancellation
Comestibles
 b - 6 rations
 t - 8 chunks of flesh {@w0}


   Skills:
 + Level 4.9 Fighting
 + Level 4.6 Dodging
 + Level 5.9 Unarmed Combat


You had 6 spell levels left.
You didn't know any spells.
Your spell library was empty.

Dungeon Overview and Level Annotations

Branches:
Dungeon (4/15)
 Temple: D:4-7

Altars:
Xom

Annotations:
D:4 Pikel


Innate Abilities, Weirdness & Mutations

You are too large for most types of armour.
You have claws for hands.
Your metabolism is lightning-fast.
You like to eat raw meat.
Your natural rate of healing is unusually fast.
You are covered in fur. (AC +1)
You have extremely tough skin. (AC +3)
You are frail. (-10% HP)
You are very weak. (Str -4)


Message History

You swap places.
Eating one of 13 chunks of flesh {@w0}.
You eat one of the 13 chunks of flesh {@w0}.
This raw flesh tastes great.
Your ufetubus disappears in a puff of smoke!
A jackal comes into view.
The jackal barks!
You hear a bark!
A jackal comes into view.
You hear a shout!
There are monsters nearby!
You claw the jackal!
You kill the jackal!
You mangle the jackal!!
You kill the jackal!
No target in view!
No target in view!
No target in view!
No target in view!
No target in view!
No target in view!
No target in view!
No target in view!
No target in view!
No target in view!
No target in view!
No target in view!
No target in view!
You see here a jackal corpse.
Found a shimmering mace.
You see here a shimmering mace.
Pikel the Slaver comes into view.
He is wielding a +1 whip of freezing and carrying a wand of acid (9).
You see here a shimmering mace.
h - a shimmering mace
As you read the scroll labeled KAEJ OMAXESUTZ, it crumbles to dust.
It is a scroll of identify.
h - the +9 mace of the Seven Yaks {venom, +Rage rN++ Str+2 Dex-3}
Okay, then.
Unknown command.
Wield which item (- for none, * to show all)? (? for menu, Esc to quit)
The +9 mace of the Seven Yaks {venom, +Rage rN++ Str+2 Dex-3} begins to drip with poison!
h - the +9 mace of the Seven Yaks (weapon)
{venom, +Rage rN++ Str+2 Dex-3} A slave comes into view.
A slave comes into view. x2
The slave shouts!
A slave comes into view.
A jackal comes into view.
The slave closely misses you.
You hit the slave.
The slave is poisoned. "Feel my power!"
The slave is outlined in light. x4; The jackal is outlined in light.
The slave hits you!
A quokka comes into view.
The slave hits you but does no damage.
You take 7 damage, and have 56/63 hp.
You sock the slave!
The slave looks as sick as possible!
The slave hits you but does no damage.
You barely miss the slave. The slave hits you but does no damage.
You sock the slave!
You kill the slave!
That felt strangely unrewarding.
The slave completely misses you.
Pikel cracks his whip.
You hit the slave. The slave hits you but does no damage.
You barely miss the slave.
The slave stops glowing. x2
The slave closely misses you. The slave hits you but does no damage.
You thump the slave!
The slave is poisoned.
The slave stops glowing.
The jackal stops glowing.
The slave hits you but does no damage.
You thump the slave!
You kill the slave!
That felt strangely unrewarding.
The jackal barely misses you.
You sock the jackal!
You kill the jackal!
The quokka barely misses you.
You sock the quokka!
You kill the quokka! "Serve the toy, my child!"
Pikel zaps a wand.
The bolt of acid hits you! The acid corrodes you!
You are splashed with acid!
The bolt of acid hits your iron imp!
Your iron imp is splashed with acid.
The acid corrodes your iron imp!
Your iron imp dies!
You take 26 damage, and have 36/63 hp.
MASSIVE DAMAGE!!
You hit Pikel but do no damage. Pikel hits you but does no damage.
You hit Pikel.
Pikel is poisoned.
Pikel hits you with a +1 whip of freezing!
Pikel freezes you.
Pikel hits you with a +1 whip of freezing.
Pikel freezes you.
Some of the chunks of flesh in your inventory have rotted away.
You take 16 damage, and have 21/63 hp.
MASSIVE DAMAGE!!
You hit Pikel but do no damage. Pikel closely misses you.
You closely miss Pikel.
Pikel hits you with a +1 whip of freezing.
Pikel freezes you.
You take 3 damage, and have 19/63 hp.
You hit Pikel.
Pikel looks as sick as possible!
Pikel zaps a wand.
The bolt of acid hits you!!
You die...
Xom chuckles heartily!

#### ...[ ... #p.
#p# #K# #@# #.#
#.# #.# #.# #.#
##########
#.#######.........
#....†....########
###########


You could see Pikel and 2 slaves.

Vanquished Creatures
  Grinder (D:4)
  Eustachio (D:4)
  2 slaves (D:4)
  2 ogres (D:4)
  A water moccasin skeleton (D:4)
  2 hounds (D:4)
  3 orc wizards (D:4)
  Crazy Yiuf (D:3)
  Natasha (thrice) (D:3)
  5 adders
  2 oozes
  2 worms (D:2)
  3 leopard geckos
  An orc (D:4)
  5 bats
  3 giant cockroaches
  4 goblins
  7 hobgoblins
  6 jackals (D:4)
  4 quokkas
  3 frilled lizards
  2 kobolds
  3 rats
66 creatures vanquished.

Notes
Turn   | Place    | Note
-------+----------+-------------------------------------------
     0 | D:1      | mhoghedin the Troll Chaos Knight began the quest for the
                  | Orb.
     0 | D:1      | Reached XP level 1. HP: 22/22 MP: 0/0
    29 | D:1      | Reached skill level 2 in Dodging
    66 | D:1      | XOM: silly message
   161 | D:1      | Reached XP level 2. HP: 29/29 MP: 1/1
   481 | D:2      | XOM: divination: detect creatures
   517 | D:2      | Reached XP level 3. HP: 36/36 MP: 2/2
  1042 | D:3      | Reached skill level 3 in Fighting
  1149 | D:3      | XOM: harmless Summ miscast
  1173 | D:3      | Noticed Natasha
  1180 | D:3      | Killed Natasha
  1180 | D:3      | Reached XP level 4. HP: 36/45 MP: 3/3
  1189 | D:3      | XOM: scenery: create altars
  1354 | D:3      | XOM: give mutations
  1354 | D:3      | Gained mutation: You are weak. (Str -2) [Xom's mischief]
  1354 | D:3      | Gained mutation: You are frail. (-10% HP) [Xom's mischief]
  1467 | D:3      | Found a runed translucent door.
  1468 | D:3      | Noticed Crazy Yiuf
  1478 | D:3      | Killed Crazy Yiuf
  1478 | D:3      | Reached skill level 4 in Unarmed Combat
  1584 | D:3      | Noticed Natasha
  1589 | D:3      | Killed Natasha
  1589 | D:3      | Reached skill level 3 in Dodging
  1589 | D:3      | Reached XP level 5. HP: 41/47 MP: 4/4
  1686 | D:3      | Noticed Natasha
  1694 | D:3      | Killed Natasha
  1711 | D:3      | XOM: give mutation
  1711 | D:3      | Gained mutation: You are very weak. (Str -4) [Xom's
                  | mischief]
  1778 | D:4      | Noticed Eustachio
  1814 | D:4      | XOM: noise
  1819 | D:4      | HP: 10/48 [Eustachio/+4 rapier of venom (5)]
  1820 | D:4      | Killed Eustachio
  1820 | D:4      | Reached skill level 4 in Fighting
  1820 | D:4      | Reached XP level 6. HP: 11/55 MP: 5/5
  1826 | D:4      | HP: 12/55 [poisoned by Eustachio]
  1954 | D:4      | Reached skill level 5 in Unarmed Combat
  2010 | D:4      | XOM: harmless Hex miscast
  2080 | D:4      | Noticed Grinder
  2080 | D:4      | Paralysed by Grinder for 3 turns
  2090 | D:4      | Killed Grinder
  2090 | D:4      | Reached skill level 4 in Dodging
  2090 | D:4      | Reached XP level 7. HP: 48/63 MP: 6/6
  2178 | D:4      | XOM: summons friendly ufetubus
  2311 | D:4      | Noticed Pikel
  2313 | D:4      | Got a shimmering mace
  2314 | D:4      | Identified the +9 mace of the Seven Yaks {venom, +Rage rN++
                  | Str+2 Dex-3} (You found it on level 4 of the Dungeon)
  2320 | D:4      | XOM: fake destruction
  2329 | D:4      | XOM: summons friendly iron imp
  2334 | D:4      | Killed from afar by Pikel

Levels and vault maps discovered:
D:1:      dpeg_arrival_orchard, layout_rooms
D:2:      layout_basic, moated_statue
D:3:      layout_loops_ring, portal_sewer_entry_b, uniq_crazy_yiuf_cottage,
          uniq_natasha
D:4:      layout_loops_ring, first_ration, uniq_grinder, uniq_eustachio,
          uniq_pikel

Skill      XL: |  1  2  3  4  5  6 |
---------------+-------------------+-----
Dodging        | 2 3 4 |  4.6
Fighting       | 3 4 |  4.9
Unarmed Combat | 4 5 |  5.9

Action                   |  1- 3 |  4- 6 |  7- 9 || total
-------------------------+-------+-------+-------++-------
Melee: Unarmed           |    84 |   113 |    34 ||   231
       Punch             |     1 |     3 |     1 ||     5
       Mace              |       |       |    15 ||    15
  Use: Potion            |       |     5 |       ||     5
       Scroll            |       |       |     1 ||     1
 Stab: Sleeping          |     2 |     1 |       ||     3
  Eat: Chunk             |    16 |     9 |     2 ||    27
Armor: Robe              |    43 |    26 |    19 ||    88
Dodge: Dodged            |    32 |    57 |    20 ||   109

Table legend:
 A = Non-vault XP
 B = Vault XP
 C = Vault XP percentage of total XP
 D = Non-vault monster count
 E = Vault monster count
 F = Vault count percentage of total count
                 A         B        C        D         E       F
            +---------+---------+-------+---------+---------+-------
      Total |     720 |     575 |  44.4 |      60 |       4 |   6.2
            +---------+---------+-------+---------+---------+-------
        D:1 |      18 |       0 |   0.0 |      11 |       0 |   0.0
        D:2 |      58 |       0 |   0.0 |      13 |       0 |   0.0
        D:3 |     109 |      75 |  40.8 |      14 |       2 |  12.5
        D:4 |     535 |     500 |  48.3 |      22 |       2 |   8.3
            +---------+---------+-------+---------+---------+-------

Levels and vault maps discovered:
D:1:      dpeg_arrival_orchard, layout_rooms
D:2:      layout_basic, moated_statue
D:3:      layout_loops_ring, portal_sewer_entry_b, uniq_crazy_yiuf_cottage,
          uniq_natasha
D:4:      layout_loops_ring, first_ration, uniq_grinder, uniq_eustachio,
          uniq_pikel

Table legend:
 A = Turns spent in this place as a percentage of turns spent in the entire game.
 B = Non-inter-level travel turns spent in this place as a percentage of non-inter-level travel turns spent in the entire game.
 C = Inter-level travel turns spent in this place as a percentage of turns spent in this place.
 D = Turns resting spent in this place as a percentage of non-inter-level travel turns spent in this place.
 E = Turns spent auto-exploring this place as a percentage of non-inter-level travel turns spent in this place.
 F = Non-inter-level travel turns spent in this place divided by the number of levels of this place that you've seen.
                   A       B       C       D       E      F
               +-------+-------+-------+-------+-------+----------------------
         Total | 100.0 | 100.0 |   2.6 |   7.1 |  68.1 | 568.5
       Dungeon | 100.0 | 100.0 |   2.6 |   7.1 |  68.1 | 568.5
               +-------+-------+-------+-------+-------+----------------------

Table legend:
 A = Kills in this place as a percentage of kills in entire the game.
 B = Kills by you in this place as a percentage of kills by you in the entire game.
 C = Kills by friends in this place as a percentage of kills by friends in the entire game.
 D = Other kills in this place as a percentage of other kills in the entire game.
 E = Experience gained in this place as a percentage of experience gained in the entire game.
 F = Experience gained in this place divided by the number of levels of this place that you have seen.
                   A       B       C       D       E      F
               +-------+-------+-------+-------+-------+----------------------
         Total | 100.0 | 100.0 |   N/A |   N/A | 100.0 | 323.8
       Dungeon | 100.0 | 100.0 |   N/A |   N/A | 100.0 | 323.8
               +-------+-------+-------+-------+-------+----------------------
